 Dungeon Sprint DCSS version 0.19.5 (webtiles) character file.

224112 equalderp2856 the Ninja (level 13, -12/64 HPs)
             Began as a Felid Fighter on Mar 13, 2017.
             Was an Initiate of Gozag.
             Killed from afar by Cerebov (31 damage)
             ... with an iron shot
             ... in the Dungeon (Sprint IX: "|||||||||||||||||||||||||||||").
             The game lasted 01:00:35 (16865 turns).

equalderp2856 the Ninja (Felid Fighter)            Turns: 16865, Time: 01:00:35

Health: -12/64     AC:  3    Str: 16    XL:     13   Next: 45%
Magic:  26/29      EV: 40    Int: 11    God:    Gozag
Gold:   3731       SH:  0    Dex: 18    Spells: 11 memorised, 9 levels left
                                        Lives:  0   Deaths: 3

rFire  . . .     SeeInvis +       - Unarmed
rCold  + . .     Gourm    .     (armour unavailable)
rNeg   . . .     Faith    .     (shield unavailable)
rPois  .         Spirit   .     (helmet unavailable)
rElec  .         Reflect  .     (cloak unavailable)
rCorr  .         Harm     .     (gloves unavailable)
MR     +....     NoTele   +     (boots unavailable)
Stlth  +++++++++.               (no amulet)
                                n - +2 ring of evasion
                                m - +3 ring of strength

@: bribing [the Dungeon], quick
A: no armour, no weapons or thrown items, stealth, claws 1, fangs 3, see
invisible, carnivore 3, speed 1, shaggy fur 3, slow metabolism 1, sharp paws
a: Potion Petition, Call Merchant, Bribe Branch, Renounce Religion
}: 9/15 runes: decaying, serpentine, barnacled, slimy, elven, silver, golden,
abyssal, gossamer


You were in the Dungeon.
You worshipped Gozag.
Gozag was most pleased with you.
You were not hungry.

You visited 1 branch You collected 44638 gold pieces.
You spent 1696 gold pieces at shops.
You paid 39211 gold pieces to Gozag.

Inventory:

Jewellery
 g - an uncursed ring of protection from cold
 m - a +3 ring of strength (left paw)
 n - a +2 ring of evasion (right paw)
 q - the ring "Jiet" {rCorr *Drain rPois Dex+2 Slay+5}
   (You found it in the Dungeon)

   [ring of resist corrosion]

   It affects your dexterity (+2).
   It affects your accuracy and damage with ranged weapons and melee attacks
   (+5).
   It protects you from poison.
   It causes draining when unequipped.
 u - an uncursed ring of wizardry
 v - a +4 ring of protection
 w - a +4 ring of protection
 x - a +4 ring of protection
 y - a +4 ring of evasion
 D - the amulet "Cicerhuc" {Spirit SInv}
   (You found it in the Dungeon)

   [amulet of guardian spirit]

   It causes incoming damage to be split between your health and magic.
   It lets you see invisible.
 E - the ring of Understanding {Ice Stlth+}
   (You found it in the Dungeon)

   [ring of ice]

   It enhances your ice magic.
   It makes you vulnerable to fire.
   It protects you from cold.
   It makes you more stealthy.
 F - the ring of Lugonu's Condemnation {*Contam +Inv rF+ EV+3 Str+6}
   (You found it in the Dungeon)

   [ring of evasion]

   It affects your evasion (+3).
   It affects your strength (+6).
   It protects you from fire.
   It lets you turn invisible.
   It causes magical contamination when unequipped.
 G - a +3 ring of slaying
 H - the ring "Zimeylo" {+Fly Int+2 SInv}
   (You found it in the Dungeon)

   [ring of see invisible]

   It affects your intelligence (+2).
   It lets you see invisible.
   It lets you fly.
Wands
 l - a wand of lightning (2/15)
 J - a wand of hasting (5/9)
Scrolls
 j - 7 scrolls of remove curse
 k - 3 scrolls of amnesia
 p - 3 scrolls of identify
 r - a scroll of fear
 s - 7 scrolls of fog
Potions
 a - 2 potions of might
 c - a potion of invisibility
 d - 3 potions of mutation {unknown}
 e - 4 potions of haste
 f - 5 potions of magic
 i - a potion of curing
 o - 5 potions of brilliance
 t - 3 potions of berserk rage
 z - 3 potions of agility
 A - a potion of lignification {unknown}
Books
 B - a book of Power

   Spells                             Type                      Level
   a - Fulminant Prism                Conjuration/Hexes            4
   b - Iskenderun's Mystic Blast      Conjuration                  4
   c - Venom Bolt                     Conjuration/Poison           5
   d - Bolt of Magma                  Conjuration/Fire/Earth       5
   e - Iron Shot                      Conjuration/Earth            6
   f - Orb of Destruction             Conjuration                  7
   g - Spellforged Servitor           Conjuration/Summoning        7
 C - a book of Fire

   Spells                             Type                      Level
   a - Ignite Poison                  Fire/Transmutation/Poison    3
   b - Fireball                       Conjuration/Fire             5
   c - Bolt of Fire                   Conjuration/Fire             6
   d - Delayed Fireball               Conjuration/Fire             7
   e - Ring of Flames                 Charms/Fire                  7
 K - a book of Minor Magic

   Spells                             Type                      Level
   a - Magic Dart                     Conjuration                  1
   b - Blink                          Translocation                2
   c - Call Imp                       Summoning                    2
   d - Repel Missiles                 Charms/Air                   2
   e - Slow                           Hexes                        2
   f - Conjure Flame                  Conjuration/Fire             3
   g - Mephitic Cloud                 Conjuration/Poison/Air       3
 L - a book of Maledictions

   Spells                             Type                      Level
   a - Corona                         Hexes                        1
   b - Ensorcelled Hibernation        Hexes/Ice                    2
   c - Confuse                        Hexes                        3
   d - Tukima's Dance                 Hexes                        3
   e - Dazzling Spray                 Conjuration/Hexes            3
 M - the Compendium of Doomed Confrontation
   (You bought it in a shop in the Dungeon)

   Spells                             Type                      Level
   a - Throw Icicle                   Conjuration/Ice              4
   b - Excruciating Wounds            Charms/Necromancy            5
   c - Bolt of Magma                  Conjuration/Fire/Earth       5
   d - Poisonous Cloud                Conjuration/Poison/Air       6
Comestibles
 b - 10 meat rations


   Skills:
 + Level 11.8 Fighting
 + Level 23.9 Dodging
 O Level 27 Stealth
 O Level 27 Unarmed Combat
 * Level 11.2 Spellcasting
 + Level 11.7 Evocations


You had 9 spell levels left.
You knew the following spells:

 Your Spells              Type           Power        Failure   Level  Hunger
a - Corona                Hex            #......      14%         1    None
b - Blink                 Tloc           N/A          21%         2    None
c - Ensorcelled Hibernat  Hex/Ice        #.....       21%         2    None
d - Repel Missiles        Chrm/Air       #.....       21%         2    None
e - Confuse               Hex            #.......     38%         3    ##.....
f - Call Imp              Summ           #.......     21%         2    None
g - Conjure Flame         Conj/Fire      #.......     38%         3    ##.....
h - Throw Icicle          Conj/Ice       #.......     95%         4    ####...
i - Slow                  Hex            #.......     21%         2    None
j - Magic Dart            Conj           #...         14%         1    None
k - Tukima's Dance        Hex            #.......     38%         3    ##.....


Dungeon Overview and Level Annotations

Branches:
Dungeon (1/1)

Altars:
Cheibriados
Dithmenos
Elyvilon
Fedhas
Gozag
Hepliaklqana
Kikubaaqudgha
Makhleb
Nemelex Xobeh
Okawaru
Qazlal
Ru
Sif Muna
Trog
Uskayaw
Vehumet
Xom
Yredelemnul
Zin
The Shining One
Beogh
Jiyva
Lugonu

Shops:
D :=*:*=}![*[*

Annotations:
D Cerebov, Eustachio


Innate Abilities, Weirdness & Mutations

You cannot wear armour.
You are incapable of wielding weapons or throwing items.
Your paws allow you to move quietly. (Stealth)
You have sharp claws.
You have razor-sharp teeth.
You have supernaturally acute eyesight. (SInv)
You are carnivorous and can eat meat at any time.
You cover ground quickly.
Your thick and shaggy fur keeps you warm. (AC +3, rC+)
You have a slow metabolism.
Your sharp claws are effective at attacking unaware monsters.


Message History

The orb of fire emits a lurid red light.
Cerebov twists and deforms.
Cerebov hits the orb of fire with a great serpentine sword {flame}!!
The orb of fire is destroyed!
Casting: Blink
Confirm with . or Enter, or press ? or * to list all spells.
You blink.
Cerebov gestures at you. The iron shot hits you!
Ouch! That really hurt!
* * * LOW HITPOINT WARNING * * *
Casting: Blink
Confirm with . or Enter, or press ? or * to list all spells.
You blink.
Cerebov shouts, "Face thy fugue, thou beslubbering tip-merry lout!"
You open the door. Cerebov gestures at you. The iron shot hits you!
You die...
Your body crumbles into a pile of gold.

▓▓▓▓▓▓▓▓▓▓▓▓▓▓▓▓▓▓▓▓
▓...▓...▓..*▓...▓...
▓.▓.▓.▓.▓.▓.▓.▓.▓.▓.
▓.▓&▓.▓.▓.▓'▓.▓)▓.▓.
▓.▓.▓.▓.▓.▓*▓.▓)▓.▓.
▓§▓.▓.▓.▓.▓.▓[▓'▓.▓.
▓&▓.▓.▓+▓.▓.▓.▓.▓.▓.
▓.▓@▓.▓.▓.▓.▓.▓.▓.▓'
▓.▓.▓.▓.▓.▓.▓.▓)▓.▓.
▓.▓.▓.▓.▓.▓.▓.▓.▓.▓}
▓.▓.▓.▓.▓.▓.▓.▓.▓.▓.
▓.▓.▓.▓.▓.▓0▓.▓.▓.▓.
▓.▓.▓.▓.▓.▓.▓.▓.▓.▓.
▓&▓.▓.▓.▓.▓.▓.▓.▓.▓.▓.
▓.▓.▓.▓.▓.▓.▓.▓.▓.▓.▓)
▓.▓.▓.▓.▓.▓.▓.▓.▓'▓.▓.


You could see Cerebov.

Vanquished Creatures
  Mnoleg (D)
  Dispater (D)
  Geryon (D)
  An electric golem (D)
  An Orb Guardian (D)
  A sphinx (D)
  2 shadow dragons (D)
  A mottled draconian (D)
  A fire dragon (D)
  A yaktaur captain (D)
  2 great orbs of eyes (D)
  A vault guard (D)
  An ice dragon (D)
  2 hydras (D)
  An alligator (D)
  A death yak (D)
  An ironbrand convoker (D)
  2 orc sorcerers (D)
  A moth of wrath (shapeshifter) (D)
  8 elephants (D)
  2 black mambas (D)
  2 spiny frogs (D)
  A freezing wraith (D)
  6 guardian mummies (D)
  A jumping spider (D)
  A slime creature (D)
  A yak (D)
  A spriggan (D)
  2 redbacks (D)
  A tarantella (D)
  A vampire (D)
  A wyvern (D)
  A golden eye (D)
  Grum (D)
  A naga (D)
  3 porcupines (D)
  5 water moccasins (D)
  3 orc warriors (D)
  4 wolves (D)
  A crocodile (shapeshifter) (D)
  3 crocodiles (D)
  5 bullfrogs (D)
  A wight (D)
  2 crimson imps (D)
  A hound (D)
  A jelly (D)
  2 orc priests (D)
  10 orc wizards (D)
  A worker ant (D)
  An adder (D)
  A shadow imp (D)
  9 orcs (D)
  A bat zombie (D)
  2 hobgoblins (D)
  3 kobolds (D)
113 creatures vanquished.

Vanquished Creatures (collateral kills)
  the Royal Jelly (D)
  An ancient lich (D)
  2 golden dragons (D)
  Nikola (D)
  A bone dragon (D)
  2 electric golems (D)
  14 Orb Guardians (D)
  A lich (D)
  2 deep elf blademasters (D)
  8 acid blobs (D)
  A thorn hunter (D)
  3 death cobs (D)
  4 sphinxes (D)
  A storm dragon (D)
  2 shadow dragons (D)
  8 azure jellies (D)
  A draconian monk (D)
  A draconian zealot (D)
  A frost giant (D)
  2 draconian knights (D)
  Louise (D)
  An emperor scorpion (D)
  An ironheart preserver (D)
  A stone giant (D)
  A green draconian (D)
  2 vampire knights (D)
  A black draconian (D)
  2 deep elf annihilators (D)
  A yellow draconian (D)
  4 mottled draconians (D)
  A white draconian (D)
  2 merfolk javelineers (D)
  4 death oozes (D)
  A mummy priest (D)
  2 fire dragons (D)
  2 merfolk impalers (D)
  A yaktaur captain (D)
  A deep elf death mage (D)
  An ice dragon (D)
  5 vault guards (D)
  2 great orbs of eyes (D)
  Harold (D)
  An anaconda (D)
  A naga warrior (D)
  A merfolk aquamancer (D)
  An alligator (D)
  A deep troll earth mage (D)
  A shock serpent (D)
  A hell knight (D)
  A spriggan berserker (D)
  A thrashing horror (D)
  A sixfirhy (D)
  A sea snake (D)
  An orc knight (D)
  A mana viper (D)
  A necromancer (D)
  An elephant (shapeshifter) (D)
  A black mamba (D)
  3 moths of wrath (D)
  A water nymph (D)
  A demonic crawler (D)
  A freezing wraith (D)
  4 guardian mummies (D)
  A jumping spider (D)
  A slime creature (D)
  A wandering mushroom (D)
  A shadow (D)
  2 large abominations (D)
  A vampire mosquito (D)
  2 nagas (D)
  A mottled dragon (D)
  2 floating eyes (D)
  4 orc warriors (D)
  A swamp drake (D)
  A crimson imp (D)
  An iron imp (D)
  An orc wizard (D)
  An adder simulacrum (D)
142 creatures vanquished.

Vanquished Creatures (others)
  Gloorx Vloq (D)
  4 orbs of fire (D)
  Mennas (D)
  2 ancient liches (D)
  Sojobo (D)
  4 greater mummies (D)
  Boris (D)
  Frederick (D)
  Margery (D)
  A Killer Klown (D)
  Saint Roka (D)
  A curse toe (D)
  4 golden dragons (D)
  Jory (D)
  6 tentacled monstrosities (D)
  2 electric golems (D)
  Rupert (D)
  12 Orb Guardians (D)
  A deep elf blademaster (D)
  3 liches (D)
  2 deep elf master archers (D)
  3 acid blobs (D)
  3 shadow dragons (D)
  Donald (D)
  5 nagarajas (D)
  7 sphinxes (D)
  A storm dragon (D)
  Ilsuiw (D)
  2 azure jellies (D)
  2 tengu reavers (D)
  A revenant (D)
  2 fire giants (D)
  Aizul (D)
  An iron dragon (D)
  A deep elf sorcerer (D)
  6 ghost moths (D)
  A frost giant (D)
  A vault warden (D)
  A very ugly thing (D)
  4 emperor scorpions (D)
  An ironheart preserver (D)
  A war gargoyle (D)
  3 vampire knights (D)
  2 deep elf demonologists (D)
  2 green draconians (D)
  4 stone giants (D)
  A draconian caller (D)
  An entropy weaver (shapeshifter) (D)
  A centaur warrior (D)
  3 black draconians (D)
  A purple draconian (D)
  A white draconian (D)
  2 deep elf annihilators (D)
  A merfolk javelineer (D)
  A red draconian (D)
  A deep elf death mage (D)
  4 merfolk impalers (D)
  An ettin (D)
  5 death oozes (D)
  5 mummy priests (D)
  A great orb of eyes (D)
  19 vault guards (D)
  3 yaktaur captains (D)
  An ice dragon (D)
  A naga warrior (D)
  3 hydras (D)
  4 ogre magi (D)
  A shock serpent (D)
  A merfolk avatar (D)
  2 merfolk aquamancers (D)
  An orc high priest (D)
  2 naga sharpshooters (D)
  A deep elf knight (D)
  7 hell knights (D)
  A shadow wraith (D)
  10 swamp dragons (D)
  A shambling mangrove (D)
  3 necromancers (D)
  3 guardian serpents (D)
  A phantasmal warrior (D)
  5 orc knights (D)
  2 ironbrand convokers (D)
  A harpy (D)
  4 orc sorcerers (D)
  An ugly thing (D)
  2 orb spiders (D)
  2 wolf spiders (D)
  9 moths of wrath (D)
  A guardian serpent (shapeshifter) (D)
  A naga mage (D)
  2 vault sentinels (D)
  2 sirens (D)
  A freezing wraith (D)
  2 yaktaurs (D)
  8 guardian mummies (D)
  2 merfolk (D)
  2 slime creatures (D)
  A raiju (shapeshifter) (D)
  A redback (D)
  A flying skull (D)
  10 spriggans (D)
  A tarantella (D)
  A water elemental (D)
  A small abomination (D)
  A naga (D)
  A floating eye (D)
  3 orc warriors (D)
  An orc priest (D)
  3 orc wizards (D)
  An ufetubus (D)
  3 orcs (D)
278 creatures vanquished.

Grand Total: 533 creatures vanquished

Notes
Turn   | Place    | Note
-------+----------+-------------------------------------------
     0 | D        | equalderp2856 the Felid Fighter began the quest for the Orb.
     0 | D        | Reached XP level 1. HP: 10/10 MP: 2/2
    23 | D        | Noticed a hound
    30 | D        | Reached XP level 2. HP: 15/15 MP: 3/3
    34 | D        | Reached skill level 5 in Dodging
    34 | D        | Reached XP level 3. HP: 18/18 MP: 4/4
   283 | D        | Found a roughly hewn altar of Beogh.
   283 | D        | Found a snail-covered altar of Cheibriados.
   283 | D        | Found a shadowy altar of Dithmenos.
   283 | D        | Found a white marble altar of Elyvilon.
   283 | D        | Found a blossoming altar of Fedhas.
   283 | D        | Found an opulent altar of Gozag.
   284 | D        | Found a hazy altar of Hepliaklqana.
   285 | D        | Found a viscous altar of Jiyva.
   286 | D        | Found an ancient bone altar of Kikubaaqudgha.
   287 | D        | Found a corrupted altar of Lugonu.
   288 | D        | Found a burning altar of Makhleb.
   289 | D        | Found a sparkling altar of Nemelex Xobeh.
   290 | D        | Found an iron altar of Okawaru.
   291 | D        | Found a stormy altar of Qazlal.
   292 | D        | Found a sacrificial altar of Ru.
   295 | D        | Became a worshipper of Gozag Ym Sagoz the Greedy
   302 | D        | Found a deep blue altar of Sif Muna.
   303 | D        | Found a bloodstained altar of Trog.
   304 | D        | Found a hide-covered altar of Uskayaw.
   305 | D        | Found a radiant altar of Vehumet.
   306 | D        | Found a shimmering altar of Xom.
   307 | D        | Found a basalt altar of Yredelemnul.
   308 | D        | Found a glowing silver altar of Zin.
   309 | D        | Found a glowing golden altar of the Shining One.
   334 | D        | Noticed a bullfrog
   334 | D        | Noticed a water moccasin
   360 | D        | Reached skill level 1 in Stealth
   360 | D        | Reached XP level 4. HP: 22/22 MP: 5/5
   365 | D        | Killed a water moccasin
   365 | D        | Reached skill level 5 in Fighting
   365 | D        | Reached XP level 5. HP: 27/27 MP: 6/6
   373 | D        | Reached skill level 10 in Unarmed Combat
   380 | D        | Gained mutation: You are covered in thick fur. (AC +2) [Felid growth]
   380 | D        | Reached XP level 6. HP: 21/31 MP: 7/7
   515 | D        | Noticed a vampire
   515 | D        | Noticed a slime creature
   515 | D        | Noticed a wyvern
   805 | D        | Killed a slime creature
   805 | D        | Reached skill level 10 in Dodging
   805 | D        | Reached XP level 7. HP: 35/35 MP: 8/8
   808 | D        | Killed a wyvern
   808 | D        | Reached skill level 5 in Stealth
   862 | D        | Killed a vampire
  1047 | D        | Got the ring "Jiet" {rCorr *Drain rPois Dex+2 Slay+5}
  1061 | D        | Noticed a yak
  1061 | D        | Noticed a black mamba
  1061 | D        | Noticed an eight-headed hydra
  1065 | D        | Killed an eight-headed hydra
  1065 | D        | Reached XP level 8. HP: 40/40 MP: 9/9
  1069 | D        | Noticed a black mamba
  1082 | D        | Killed a black mamba
  1082 | D        | Reached skill level 15 in Unarmed Combat
  1082 | D        | Reached XP level 9. HP: 26/44 MP: 10/10
  1349 | D        | Killed a black mamba
  1467 | D        | Noticed a death yak
  1468 | D        | Noticed a five-headed hydra
  1532 | D        | Killed a death yak
  1532 | D        | Reached skill level 10 in Stealth
  1532 | D        | Reached skill level 1 in Evocations
  1535 | D        | Killed a five-headed hydra
  1535 | D        | Reached XP level 10. HP: 16/49 MP: 10/12
  1927 | D        | Noticed an elephant
  1927 | D        | Noticed an elephant
  1927 | D        | Noticed an elephant
  1927 | D        | Noticed an elephant
  1927 | D        | Noticed an elephant
  1927 | D        | Noticed an elephant
  1928 | D        | Noticed an elephant
  1933 | D        | Killed an elephant
  1937 | D        | Killed an elephant
  1938 | D        | Noticed an elephant
  1944 | D        | Killed an elephant
  2151 | D        | Killed an elephant
  2151 | D        | Reached skill level 15 in Dodging
  2156 | D        | Killed an elephant
  2167 | D        | Killed an elephant
  2171 | D        | Killed an elephant
  2177 | D        | Killed an elephant
  2321 | D        | Noticed Eustachio
  2590 | D        | Noticed an orc high priest
  2590 | D        | Noticed an orc sorcerer
  2590 | D        | Noticed an orc knight
  2601 | D        | Killed an orc knight
  2601 | D        | Reached XP level 11. HP: 52/52 MP: 15/15
  2613 | D        | Killed an orc high priest
  2615 | D        | Noticed an orc knight
  2727 | D        | Found Plog's Assorted Antiques.
  2727 | D        | Noticed an orc sorcerer
  2732 | D        | Found Eqie's Armour Shop.
  2733 | D        | Noticed an orc sorcerer
  2734 | D        | Noticed a sun demon
  2737 | D        | Noticed a sixfirhy
  2738 | D        | Killed an orc sorcerer
  2742 | D        | Found Imaune's Assorted Antiques.
  2744 | D        | Found Divis's Armour Shop.
  2753 | D        | Noticed an orc sorcerer
  2754 | D        | Noticed an orc sorcerer
  2761 | D        | Killed an orc sorcerer
  2944 | D        | Noticed Harold
  2968 | D        | Killed an orc sorcerer
  2974 | D        | Killed Harold
  3155 | D        | Noticed an orc knight
  3189 | D        | Noticed a stone giant
  3191 | D        | Noticed an ettin
  3201 | D        | Noticed a hell knight
  3203 | D        | Noticed a yaktaur captain
  3315 | D        | Noticed Grum
  3325 | D        | Killed Grum
  3482 | D        | Noticed Aizul
  3584 | D        | Noticed an orb spider
  3584 | D        | Noticed an orb spider
  3587 | D        | Noticed a wolf spider
  3597 | D        | Killed an orb spider
  3603 | D        | Killed an orb spider
  3610 | D        | Killed a wolf spider
  3761 | D        | Noticed a naga sharpshooter
  3761 | D        | Noticed a shock serpent
  3761 | D        | Noticed a naga sharpshooter
  3761 | D        | Noticed a shock serpent
  3765 | D        | Killed a shock serpent
  3767 | D        | Killed a naga sharpshooter
  3773 | D        | Killed a shock serpent
  3777 | D        | Killed Aizul
  3780 | D        | Killed an anaconda
  3783 | D        | Killed a mana viper
  4062 | D        | Noticed a shambling mangrove
  4062 | D        | Noticed an alligator
  4062 | D        | Noticed an alligator
  4063 | D        | Noticed a thorn hunter
  4066 | D        | Killed an alligator
  4069 | D        | Killed a shambling mangrove
  4071 | D        | Killed an alligator
  4071 | D        | Reached skill level 15 in Stealth
  4077 | D        | Killed a thorn hunter
  4346 | D        | Noticed a harpy
  4346 | D        | Noticed a merfolk avatar
  4346 | D        | Noticed a sea snake
  4351 | D        | Killed a sea snake
  4356 | D        | Noticed a merfolk impaler
  4430 | D        | Noticed Rupert
  4485 | D        | Noticed an orc sorcerer
  4486 | D        | Noticed Saint Roka
  4542 | D        | Noticed a shadow dragon
  4542 | D        | Noticed a stone giant
  4542 | D        | Noticed a great orb of eyes
  4542 | D        | Noticed a white very ugly thing
  4542 | D        | Noticed a necromancer
  4542 | D        | Noticed a brown ugly thing
  4549 | D        | Killed a stone giant
  4686 | D        | Killed Saint Roka
  4688 | D        | Killed an orc sorcerer
  4710 | D        | Killed a brown very ugly thing
  4712 | D        | Killed a brown ugly thing
  4744 | D        | Noticed a tentacled monstrosity
  4747 | D        | Killed a necromancer
  4752 | D        | Killed a great orb of eyes
  4763 | D        | Noticed a vampire knight
  4789 | D        | Killed a vampire knight
  4815 | D        | Killed a tentacled monstrosity
  4839 | D        | Killed Rupert
  4840 | D        | Killed a merfolk impaler
  4847 | D        | Killed a harpy
  4852 | D        | Killed a merfolk avatar
  4871 | D        | Killed a shadow dragon
  4871 | D        | Gained mutation: Your thick and shaggy fur keeps you warm. (AC +3, rC+) [Felid growth]
  4871 | D        | Reached XP level 12. HP: 30/57 MP: 16/16
  4992 | D        | Noticed a yaktaur captain
  5005 | D        | Noticed a great orb of eyes
  5006 | D        | Noticed a great orb of eyes
  5008 | D        | Noticed an ogre mage
  5009 | D        | Noticed a lich
  5012 | D        | Killed a great orb of eyes
  5018 | D        | Killed a great orb of eyes
  5019 | D        | Noticed an ice dragon
  5020 | D        | Noticed a fire dragon
  5076 | D        | Killed a fire dragon
  5099 | D        | Killed an ice dragon
  5166 | D        | Noticed an ogre mage
  5166 | D        | Noticed a vault warden
  5166 | D        | Noticed a yaktaur captain
  5166 | D        | Noticed a sphinx
  5180 | D        | Noticed an ogre mage
  5183 | D        | Killed an ogre mage
  5185 | D        | Noticed an ironheart preserver
  5195 | D        | Noticed a stone giant
  5200 | D        | Killed a vault warden
  5201 | D        | Killed a stone giant
  5204 | D        | Noticed a centaur warrior
  5207 | D        | Noticed a yaktaur captain
  5217 | D        | Killed a yaktaur captain
  5222 | D        | Killed a centaur warrior
  5298 | D        | Killed a yaktaur captain
  5302 | D        | Noticed a fire giant
  5382 | D        | Noticed Frederick
  5407 | D        | Noticed Mennas
  5543 | D        | Noticed Margery
  5548 | D        | Noticed a tengu reaver
  5551 | D        | Noticed Sojobo
  5554 | D        | Noticed a tengu reaver
  5567 | D        | Noticed Jory
  5724 | D        | Killed a seven-headed hydra
  6183 | D        | Noticed a four-headed hydra
  6195 | D        | Killed a three-headed hydra
  6200 | D        | Noticed a seven-headed hydra
  6226 | D        | Got a decaying rune of Zot
  6241 | D        | Killed an eight-headed hydra
  6326 | D        | Noticed a ghost moth
  6326 | D        | Noticed a ghost moth
  6326 | D        | Noticed an emperor scorpion
  6326 | D        | Noticed an emperor scorpion
  6336 | D        | Killed an emperor scorpion
  6357 | D        | Killed an emperor scorpion
  6363 | D        | Killed a ghost moth
  6376 | D        | Killed a ghost moth
  6378 | D        | Noticed a ghost moth
  6380 | D        | Killed a ghost moth
  6382 | D        | Noticed an emperor scorpion
  6383 | D        | Noticed an emperor scorpion
  6384 | D        | Noticed a ghost moth
  6394 | D        | Killed an emperor scorpion
  6406 | D        | Killed an emperor scorpion
  6411 | D        | Killed a ghost moth
  6426 | D        | Killed Jory
  6444 | D        | Noticed an emperor scorpion
  6463 | D        | Killed an emperor scorpion
  6528 | D        | Got a gossamer rune of Zot
  6536 | D        | Noticed a nagaraja
  6536 | D        | Noticed a nagaraja
  6536 | D        | Noticed a naga warrior
  6536 | D        | Noticed a nagaraja
  6536 | D        | Noticed a nagaraja
  6546 | D        | Killed a nagaraja
  6548 | D        | Killed a naga warrior
  6550 | D        | Killed a nagaraja
  6572 | D        | Noticed a naga warrior
  6586 | D        | Got a serpentine rune of Zot
  6659 | D        | Noticed a merfolk aquamancer
  6659 | D        | Noticed a merfolk aquamancer
  6659 | D        | Noticed a merfolk impaler
  6659 | D        | Noticed a merfolk javelineer
  6659 | D        | Noticed a merfolk impaler
  6660 | D        | Noticed Ilsuiw
  6666 | D        | Killed a merfolk aquamancer
  6669 | D        | Killed a merfolk aquamancer
  6670 | D        | Killed a merfolk aquamancer
  6674 | D        | Noticed a merfolk javelineer
  6682 | D        | Killed a merfolk impaler
  6691 | D        | Killed a naga warrior
  6702 | D        | Noticed a merfolk impaler
  6707 | D        | Killed a merfolk impaler
  6708 | D        | Killed a merfolk javelineer
  6713 | D        | Noticed a merfolk javelineer
  6714 | D        | Noticed a merfolk impaler
  6714 | D        | Killed a merfolk javelineer
  6732 | D        | Got a barnacled rune of Zot
  6750 | D        | Noticed Donald
  6775 | D        | Noticed Nikola
  6828 | D        | Noticed a vault guard
  6828 | D        | Noticed a vault guard
  6828 | D        | Noticed a vault guard
  6828 | D        | Noticed a vault guard
  6828 | D        | Noticed a vault guard
  6828 | D        | Noticed a vault guard
  6839 | D        | Killed a vault guard
  6840 | D        | Killed a vault guard
  6847 | D        | Noticed a vault guard
  6848 | D        | Noticed a vault guard
  6849 | D        | Noticed a vault guard
  6853 | D        | Noticed a vault guard
  6855 | D        | Noticed a vault guard
  6856 | D        | Noticed a vault guard
  6858 | D        | Noticed a vault guard
  6858 | D        | Noticed a vault guard
  6868 | D        | Killed a vault guard
  6870 | D        | Killed a vault guard
  6875 | D        | Killed a vault guard
  6881 | D        | Noticed a vault guard
  6884 | D        | Killed a vault guard
  6896 | D        | Noticed a vault guard
  6897 | D        | Noticed a vault guard
  6900 | D        | Killed a vault guard
  6903 | D        | Noticed a vault guard
  6904 | D        | Noticed a vault guard
  6905 | D        | Noticed a vault guard
  6906 | D        | Killed a vault guard
  6911 | D        | Killed a vault guard
  6914 | D        | Killed a vault guard
  6917 | D        | Noticed a vault guard
  6919 | D        | Noticed a vault guard
  6921 | D        | Noticed a vault guard
  6922 | D        | Noticed a vault guard
  6923 | D        | Killed a vault guard
  6978 | D        | Noticed a fire giant
  6986 | D        | Killed a fire giant
  6994 | D        | Noticed a stone giant
  7008 | D        | Noticed a shadow dragon
  7019 | D        | Noticed a shadow dragon
  7033 | D        | Killed a vault guard
  7035 | D        | Killed a vault guard
  7038 | D        | Killed a vault guard
  7046 | D        | Killed a vault guard
  7056 | D        | Killed a shadow dragon
  7063 | D        | Noticed a minotaur
  7064 | D        | Noticed a frost giant
  7065 | D        | Noticed a death yak
  7065 | D        | a minotaur changed into a death yak
  7071 | D        | Killed Nikola
  7071 | D        | Killed an entropy weaver
  7075 | D        | Killed Donald
  7076 | D        | Killed a vault guard
  7077 | D        | Killed a merfolk impaler
  7077 | D        | Killed an ogre mage
  7078 | D        | Killed a vault guard
  7079 | D        | Killed a vault guard
  7090 | D        | Killed a shadow dragon
  7139 | D        | Noticed a shadow dragon
  7139 | D        | Noticed an ice dragon
  7139 | D        | Noticed a golden dragon
  7139 | D        | Noticed an ettin
  7139 | D        | Noticed a shadow dragon
  7139 | D        | Noticed a war gargoyle
  7142 | D        | Killed an ettin
  7146 | D        | Killed a shadow dragon
  7147 | D        | Killed a frost giant
  7149 | D        | Killed a golden dragon
  7152 | D        | Noticed a golden dragon
  7153 | D        | Your ally died
  7165 | D        | Killed a golden dragon
  7166 | D        | Noticed a shadow dragon
  7166 | D        | Your ally died
  7176 | D        | Killed a shadow dragon
  7192 | D        | Killed an ice dragon
  7195 | D        | Killed a shadow dragon
  7195 | D        | Reached XP level 13. HP: 33/61 MP: 17/17
  7233 | D        | Noticed an ironheart preserver
  9382 | D        | Got a silver rune of Zot
  9605 | D        | Got the amulet "Cicerhuc" {Spirit SInv}
  9607 | D        | Got the ring of Understanding {Ice Stlth+}
  9609 | D        | Got the ring of Lugonu's Condemnation {*Contam +Inv rF+ EV+3 Str+6}
  9613 | D        | Got the ring "Zimeylo" {+Fly Int+2 SInv}
  9718 | D        | Noticed Boris
  9722 | D        | Noticed Louise
  9730 | D        | Killed an ironheart preserver
  9736 | D        | Killed Louise
  9795 | D        | Noticed a stone giant
  9806 | D        | Killed a stone giant
  9808 | D        | Your ally died
  9808 | D        | Reached skill level 5 in Evocations
  9812 | D        | Noticed an iron dragon
  9819 | D        | Reached skill level 10 in Fighting
  9822 | D        | Noticed a frost giant
  9822 | D        | Killed an iron dragon
  9822 | D        | Your ally died
  9829 | D        | Killed a frost giant
  9858 | D        | Noticed a bone dragon
  9858 | D        | Noticed a fire dragon
  9858 | D        | Noticed a mottled draconian
  9858 | D        | Noticed a fire dragon
  9859 | D        | Noticed a mottled draconian
  9873 | D        | Killed a fire dragon
  9882 | D        | Your ally died
  9890 | D        | Killed a bone dragon
  9895 | D        | Killed a mottled draconian
  9905 | D        | Noticed a white draconian
  9906 | D        | Killed a fire dragon
  9907 | D        | Noticed a mottled draconian
  9908 | D        | Killed a mottled draconian
  9909 | D        | Noticed a black draconian
  9912 | D        | Noticed a green draconian
  9915 | D        | Killed a white draconian
  9920 | D        | Killed a mottled draconian
  9924 | D        | Killed a black draconian
  9925 | D        | Noticed a mottled draconian
  9929 | D        | Killed a green draconian
  9934 | D        | Killed a mottled draconian
 10120 | D        | Noticed an electric golem
 10120 | D        | Noticed a white draconian
 10120 | D        | Noticed a golden dragon
 10120 | D        | Noticed a black draconian
 10120 | D        | Noticed a tentacled monstrosity
 10120 | D        | Noticed a storm dragon
 10126 | D        | Killed a storm dragon
 10127 | D        | Killed a tentacled monstrosity
 10132 | D        | Killed a golden dragon
 10133 | D        | Killed from afar by an electric golem
 10134 | D        | Reached XP level 12. HP: -11/58 MP: 17/17
 10137 | D        | Killed a black draconian
 10140 | D        | Killed an electric golem
 10304 | D        | Killed a yaktaur captain
 10681 | D        | Noticed a death cob
 10681 | D        | Noticed a red draconian
 10681 | D        | Noticed a purple draconian
 10681 | D        | Noticed a death cob
 10681 | D        | Noticed a yellow draconian
 10681 | D        | Noticed a tentacled monstrosity
 10687 | D        | Killed a green draconian
 10689 | D        | Killed a red draconian
 10690 | D        | Killed a golden dragon
 10708 | D        | Noticed a red draconian knight
 10708 | D        | Noticed a black draconian
 10708 | D        | Noticed a mottled draconian knight
 10708 | D        | Noticed a black draconian
 10708 | D        | Noticed a mottled draconian
 10714 | D        | Killed a black draconian
 10718 | D        | Killed a purple draconian
 10719 | D        | Killed a tentacled monstrosity
 10724 | D        | Killed a black draconian
 10725 | D        | Killed a tentacled monstrosity
 10760 | D        | Noticed an orb of fire
 10760 | D        | Noticed a green draconian
 10760 | D        | Noticed a white draconian caller
 10760 | D        | Noticed a Killer Klown
 10760 | D        | Noticed a white draconian monk
 10770 | D        | Killed a white draconian zealot
 10782 | D        | Killed a ghost moth
 10971 | D        | Noticed an Orb Guardian
 10971 | D        | Noticed an Orb Guardian
 10971 | D        | Noticed an Orb Guardian
 10971 | D        | Noticed an Orb Guardian
 10971 | D        | Noticed an Orb Guardian
 10971 | D        | Noticed an Orb Guardian
 10971 | D        | Killed an Orb Guardian
 10973 | D        | Noticed an Orb Guardian
 10973 | D        | Killed a yellow draconian
 10976 | D        | Killed a death cob
 10980 | D        | Killed an Orb Guardian
 10980 | D        | Reached XP level 13. HP: 62/62 MP: 19/19
 10983 | D        | Killed a mottled draconian knight
 10985 | D        | Killed an Orb Guardian
 10988 | D        | Killed a mottled draconian
 10988 | D        | Killed an Orb Guardian
 10992 | D        | Noticed an Orb Guardian
 10993 | D        | Killed a death cob
 10994 | D        | Noticed an Orb Guardian
 10995 | D        | Killed an Orb Guardian
 11002 | D        | Killed a red draconian knight
 11007 | D        | Killed a white draconian monk
 11019 | D        | Noticed an Orb Guardian
 11027 | D        | Your ally died
 11663 | D        | Noticed a ghost moth
 11663 | D        | Noticed a death cob
 11663 | D        | Noticed an Orb Guardian
 11663 | D        | Noticed an Orb Guardian
 11663 | D        | Noticed a tentacled monstrosity
 11665 | D        | Killed a ghost moth
 11671 | D        | Noticed an Orb Guardian
 11671 | D        | Killed an Orb Guardian
 11673 | D        | Noticed an Orb Guardian
 11689 | D        | Noticed an ancient lich
 11699 | D        | Noticed an orb of fire
 11709 | D        | Noticed an electric golem
 11711 | D        | Killed an electric golem
 11714 | D        | Noticed a golden dragon
 11714 | D        | Noticed an electric golem
 11714 | D        | Noticed an Orb Guardian
 11714 | D        | Noticed a shadow dragon
 11714 | D        | Noticed a curse toe
 11714 | D        | Noticed an Orb Guardian
 11718 | D        | Killed a shadow dragon
 11718 | D        | Killed an Orb Guardian
 11719 | D        | Killed an Orb Guardian
 11720 | D        | Killed an Orb Guardian
 11725 | D        | Killed an Orb Guardian
 11729 | D        | Killed an Orb Guardian
 11732 | D        | Killed a tentacled monstrosity
 11741 | D        | Noticed an orb of fire
 11748 | D        | Killed an Orb Guardian
 11749 | D        | Killed a death cob
 11753 | D        | Killed an electric golem
 11762 | D        | Killed an ancient lich
 11762 | D        | Killed an Orb Guardian
 11765 | D        | Killed an orb of fire
 11765 | D        | Killed a golden dragon
 11769 | D        | Killed an electric golem
 11774 | D        | Killed an ancient lich
 11777 | D        | Killed a storm dragon
 11783 | D        | Killed a golden dragon
 11790 | D        | Noticed an electric golem
 11792 | D        | Killed an orb of fire
 11811 | D        | Killed an electric golem
 11889 | D        | Noticed an orb of fire
 11930 | D        | Noticed an Orb Guardian
 11930 | D        | Noticed an Orb Guardian
 11930 | D        | Noticed an Orb Guardian
 11930 | D        | Noticed an Orb Guardian
 11930 | D        | Noticed an Orb Guardian
 11930 | D        | Noticed an Orb Guardian
 11932 | D        | Killed an Orb Guardian
 11933 | D        | Killed an Orb Guardian
 11951 | D        | Killed from afar by an orb of fire
 11952 | D        | Reached XP level 12. HP: 0/59 MP: 18/18
 12036 | D        | Killed an Orb Guardian
 12125 | D        | Killed an Orb Guardian
 12125 | D        | Killed an Orb Guardian
 12140 | D        | Killed an Orb Guardian
 12317 | D        | Killed an Orb Guardian
 12352 | D        | Killed an Orb Guardian
 12773 | D        | Noticed an Orb Guardian
 12775 | D        | Noticed an Orb Guardian
 12786 | D        | Killed an Orb Guardian
 12962 | D        | Noticed a vampire knight
 12962 | D        | Noticed a vampire knight
 12962 | D        | Noticed a vampire knight
 12962 | D        | Noticed a vampire knight
 12962 | D        | Noticed a vampire knight
 12962 | D        | Noticed an ancient lich
 12967 | D        | Killed a lich
 12968 | D        | Noticed a balrug
 12968 | D        | Killed a vampire knight
 12969 | D        | Noticed a vampire knight
 12970 | D        | Noticed a lich
 12971 | D        | Noticed a vampire knight
 12973 | D        | Noticed a lich
 12988 | D        | Your ally baker died
 13055 | D        | Noticed a deep elf blademaster
 13055 | D        | Noticed a deep elf death mage
 13055 | D        | Noticed a deep elf annihilator
 13055 | D        | Noticed a deep elf sorcerer
 13055 | D        | Noticed a deep elf master archer
 13055 | D        | Noticed a deep elf annihilator
 13056 | D        | Noticed a deep elf blademaster
 13056 | D        | Killed a deep elf demonologist
 13058 | D        | Noticed a deep elf blademaster
 13059 | D        | Noticed a deep elf annihilator
 13060 | D        | Noticed a deep elf death mage
 13063 | D        | Killed a deep elf blademaster
 13065 | D        | Killed a deep elf death mage
 13065 | D        | Killed a deep elf annihilator
 13066 | D        | Killed a deep elf annihilator
 13068 | D        | Killed a lich
 13068 | D        | Killed a deep elf death mage
 13069 | D        | Killed an ancient lich
 13070 | D        | Killed a vampire knight
 13070 | D        | Killed a vampire knight
 13079 | D        | Killed a deep elf blademaster
 13083 | D        | Killed a deep elf annihilator
 13083 | D        | Reached XP level 13. HP: 63/63 MP: 20/20
 13093 | D        | Noticed a green death
 13100 | D        | Noticed a deep elf demonologist
 13101 | D        | Noticed a deep elf master archer
 13133 | D        | Got an elven rune of Zot
 13143 | D        | Noticed an acid blob
 13143 | D        | Noticed an azure jelly
 13143 | D        | Noticed an azure jelly
 13143 | D        | Noticed a death ooze
 13147 | D        | Killed a death ooze
 13153 | D        | Noticed an acid blob
 13153 | D        | Killed an azure jelly
 13153 | D        | Killed an acid blob
 13155 | D        | Killed an azure jelly
 13158 | D        | Noticed an acid blob
 13159 | D        | Killed an acid blob
 13159 | D        | Killed an acid blob
 13160 | D        | Noticed an acid blob
 13160 | D        | Noticed an azure jelly
 13165 | D        | Killed an acid blob
 13165 | D        | Killed an azure jelly
 13166 | D        | Noticed the Royal Jelly
 13166 | D        | Killed an azure jelly
 13167 | D        | Noticed an acid blob
 13167 | D        | Noticed an acid blob
 13171 | D        | Killed a death ooze
 13173 | D        | Killed an acid blob
 13173 | D        | Killed an azure jelly
 13175 | D        | Killed a death ooze
 13178 | D        | Killed a death ooze
 13181 | D        | Killed an acid blob
 13181 | D        | Killed an acid blob
 13185 | D        | Killed an azure jelly
 13185 | D        | Killed the Royal Jelly
 13188 | D        | Killed an azure jelly
 13188 | D        | Killed an azure jelly
 13200 | D        | Killed a deep elf master archer
 13201 | D        | Noticed an Executioner
 13201 | D        | Killed an acid blob
 13238 | D        | Noticed an azure jelly
 13239 | D        | Noticed a death ooze
 13240 | D        | Noticed a death ooze
 13293 | D        | Killed a deep elf demonologist
 13296 | D        | Killed a death ooze
 13343 | D        | Killed an azure jelly
 13381 | D        | Killed a death ooze
 13435 | D        | Killed a death ooze
 13535 | D        | Noticed an acid blob
 13556 | D        | Killed an acid blob
 13562 | D        | Noticed a death ooze
 13573 | D        | Killed a death ooze
 13585 | D        | Noticed an azure jelly
 13591 | D        | Killed an azure jelly
 13602 | D        | Noticed an acid blob
 13610 | D        | Killed an acid blob
 13628 | D        | Noticed a death ooze
 13645 | D        | Killed a death ooze
 13669 | D        | Got a slimy rune of Zot
 13671 | D        | Noticed an acid blob
 13693 | D        | Killed an acid blob
 14100 | D        | Bought a book of Minor Magic for 280 gold pieces
 14100 | D        | Bought a book of Maledictions for 350 gold pieces
 14100 | D        | Bought the Compendium of Doomed Confrontation for 1066 gold pieces
 14107 | D        | Learned a level 1 spell: Corona
 14110 | D        | Learned a level 2 spell: Blink
 14113 | D        | Learned a level 2 spell: Ensorcelled Hibernation
 14116 | D        | Learned a level 2 spell: Repel Missiles
 14120 | D        | Learned a level 3 spell: Confuse
 14123 | D        | Learned a level 2 spell: Call Imp
 14179 | D        | Noticed a sphinx
 14179 | D        | Noticed a sphinx
 14179 | D        | Noticed a sphinx
 14179 | D        | Noticed a sphinx
 14179 | D        | Noticed a sphinx
 14179 | D        | Noticed a sphinx
 14183 | D        | Killed a sphinx
 14185 | D        | Noticed a sphinx
 14191 | D        | Killed a sphinx
 14193 | D        | Killed a sphinx
 14195 | D        | Noticed a sphinx
 14199 | D        | Killed a sphinx
 14203 | D        | Killed a sphinx
 14206 | D        | Noticed a sphinx
 14207 | D        | Noticed a sphinx
 14514 | D        | Noticed a mummy priest
 14514 | D        | Noticed a mummy priest
 14524 | D        | Killed a mummy priest
 14548 | D        | Noticed a mummy priest
 14556 | D        | Noticed a mummy priest
 14571 | D        | Killed a mummy priest
 14574 | D        | Killed a mummy priest
 14596 | D        | Noticed a greater mummy
 14596 | D        | Noticed a greater mummy
 14596 | D        | Noticed a greater mummy
 14596 | D        | Noticed a greater mummy
 14596 | D        | Noticed a mummy priest
 14596 | D        | Killed a sphinx
 14600 | D        | Killed a sphinx
 14603 | D        | Killed a sphinx
 14605 | D        | Killed a sphinx
 14606 | D        | Killed a greater mummy
 14616 | D        | Killed a mummy priest
 14628 | D        | Killed a greater mummy
 14645 | D        | Killed a mummy priest
 14730 | D        | Noticed an emperor scorpion
 14955 | D        | Got a golden rune of Zot
 14965 | D        | Reached skill level 1 in Spellcasting
 14986 | D        | Noticed a revenant
 15007 | D        | Killed a revenant
 15029 | D        | Got an abyssal rune of Zot
 15158 | D        | Noticed Geryon
 15160 | D        | Killed Geryon
 15160 | D        | Reached skill level 27 in Stealth
 15160 | D        | Reached skill level 27 in Unarmed Combat
 15160 | D        | Reached skill level 10 in Evocations
 15163 | D        | Noticed Dispater
 15163 | D        | Noticed Mnoleg
 15164 | D        | Noticed Gloorx Vloq
 15165 | D        | Killed Mnoleg
 15165 | D        | Reached XP level 14. HP: 66/66 MP: 21/27
 15168 | D        | Noticed Cerebov
 15169 | D        | Killed Dispater
 15280 | D        | Learned a level 3 spell: Conjure Flame
 15285 | D        | Learned a level 4 spell: Throw Icicle
 15288 | D        | Learned a level 2 spell: Slow
 15290 | D        | Learned a level 1 spell: Magic Dart
 15294 | D        | Learned a level 3 spell: Tukima's Dance
 15372 | D        | Noticed an Executioner
 15372 | D        | Noticed an Executioner
 15372 | D        | Noticed an Executioner
 15377 | D        | Slain by an Executioner
 15378 | D        | Reached XP level 13. HP: 0/64 MP: 28/29
 15387 | D        | Noticed an Executioner
 15390 | D        | Noticed an Executioner
 16371 | D        | Noticed an Executioner
 16375 | D        | Killed Gloorx Vloq
 16847 | D        | Killed an orb of fire
 16865 | D        | Killed from afar by Cerebov

Skill      XL: |  1  2  3  4  5  6  7  8  9 10 11 12 13 14 |
---------------+-------------------------------------------+-----
Fighting       | 4 5 6 7 8 9 11 10 | 11.8
Dodging        | 5 7 8 9 10 12 14 15 16 21 23 | 23.9
Unarmed Combat | 6 7 9 10 12 14 15 17 19 21 26 27 | 27.0
Stealth        | 1 2 3 4 7 8 10 11 16 25 27 | 27.0
Evocations     | 2 4 8 11 | 11.7
Spellcasting   | 8 11 | 11.2

Action                   |  1- 3 |  4- 6 |  7- 9 | 10-12 | 13-15 || total
-------------------------+-------+-------+-------+-------+-------++-------
Melee: Unarmed           |    46 |    33 |    69 |   210 |    30 ||   388
       Punch             |     1 |     1 |     5 |    23 |     2 ||    32
       Bite              |     3 |     4 |    12 |    28 |     4 ||    51
 Cast: Blink             |       |       |       |       |     2 ||     2
Invok: Bribe Branch      |       |       |       |     7 |     3 ||    10
       Call Merchant     |       |       |       |     4 |     4 ||     8
Evoke: Wand              |       |       |     7 |     7 |       ||    14
  Use: Potion            |     2 |       |     2 |    13 |     5 ||    22
       Scroll            |       |       |       |     2 |     4 ||     6
 Stab: Distracted        |       |     1 |     1 |     9 |       ||    11
       Sleeping          |       |       |     3 |     5 |    10 ||    18
       Confused          |       |       |       |     1 |       ||     1
       Paralysed         |       |       |       |       |     1 ||     1
  Eat: Meat ration       |       |       |       |     2 |     2 ||     4
Armor: Skin              |       |       |     2 |     1 |       ||     3
Dodge: Dodged            |    25 |    22 |    43 |   143 |    45 ||   278
